 Dungeon Crawl Stone Soup version 0.31-a0-1019-g3dd9dd1025 (webtiles) character file.

Game seed: 15564124518734299185

4300 Gladio the Cleaver (level 10, -11/38 (98) HPs)
             Began as a Naga Fighter on Nov 17, 2023.
             Was a Believer of Cheibriados.
             Shot with an arrow by a centaur warrior (16 damage)
             ... on level 9 of the Dungeon.
             The game lasted 00:17:29 (7689 turns).

Gladio the Cleaver (Naga Fighter)                   Turns: 7689, Time: 00:17:29

HP:   -11/38 (98)   AC: 12    Str: 28      XL:     10   Next: 32%
MP:   19/19         EV:  5    Int: 17      God:    Cheibriados [**....]
Gold: 507           SH:  7    Dex: 14 (17) Spells: 9/9 levels left

rFire   . . .        a - +0 war axe
rCold   + . .        x - +2 buckler
rNeg    + . .        H - +0 plate armour
rPois   +            r - +0 helmet
rElec   +            D - +0 cloak
rCorr   +            (no gloves)
SInv    +            (no barding)
Will    +....        k - amulet of regeneration Stlth
                     m - ring "Ulyphask" {rF+ rCorr MP+9 Dex+2}
HPRegen 1.06/turn    d - ring of Nimponao {Ice rElec rN+ Int+3 SInv}
MPRegen 0.16/turn

%: no passive effects
@: studying Short Blades, extremely drained, very slow
A: AC +3, large, see invisible, deformed body, poison resistance, slowness 2,
spit poison 1, naga tail 1
a: Spit Poison, Renounce Religion, Bend Time


You were on level 9 of the Dungeon.
You worshipped Cheibriados.
Cheibriados was pleased with you.
You visited 2 branches of the dungeon, and saw 10 of its levels.

You collected 507 gold pieces.

Inventory:

Hand Weapons
 a - a +0 war axe (weapon)
 u - a +3 morningstar of freezing
 C - a +2 flail of protection
Missiles
 o - 6 poisoned darts
 y - a throwing net
Armour
 b - a +0 scale mail
 c - a +0 buckler
 r - a +0 helmet (worn)
 w - a +0 chain mail
 x - a +2 buckler (worn)
 D - a +0 cloak (worn)
 H - a +0 plate armour (worn)
Jewellery
 d - the ring of Nimponao (right hand) {Ice rElec rN+ Int+3 SInv}
   (You found it on level 2 of the Dungeon)

   [ring of ice]

   Ice:       It enhances your ice magic.
   Int+3:     It affects your intelligence (+3).
   rF-:       It makes you vulnerable to fire.
   rC+:       It protects you from cold.
   rElec:     It insulates you from electricity.
   rN+:       It protects you from negative energy.
   SInv:      It lets you see invisible.
 k - an amulet of regeneration (around neck)
 m - the ring "Ulyphask" (left hand) {rF+ rCorr MP+9 Dex+2}
   (You found it on level 2 of the Dungeon)

   [ring of protection from fire]

   Dex+2:     It affects your dexterity (+2).
   rF+:       It protects you from fire.
   MP+9:      It affects your magic capacity (+9).
   rCorr:     It protects you from acid and corrosion.
 E - an amulet of magic regeneration
Wands
 q - a wand of flame (11)
 t - a wand of quicksilver (29)
 I - a wand of paralysis (4)
Scrolls
 f - 3 scrolls of fear
 g - 3 scrolls of amnesia
 l - 3 scrolls of teleportation
 n - a scroll of enchant armour
 s - 2 scrolls of revelation
 A - a scroll of vulnerability
 B - a scroll of poison
 F - a scroll of noise
 G - a scroll of torment {unknown}
Potions
 e - 2 potions of ambrosia
 i - 2 potions of mutation
 j - a potion of attraction
 p - 2 potions of curing
 v - a potion of might
 z - a potion of cancellation {unknown}


   Skills:
 + Level 8.7 Fighting
 + Level 10.8 Axes
 + Level 4.3 Armour
 + Level 4.7 Shields


You had 9 spell levels left.
You didn't know any spells.
Your spell library contained the following spells:

 Spells                   Type           Power      Damage    Failure   Level
 Kiss of Death            Conj/Necr      0%         2d5       97%         1
 Necrotise                Necr           0%         1d4       97%         1
 Sandblast                Erth           0%         2d4       97%         1
 Cigotuvi's Dreadful Rot  Necr/Pois/Air  0%         N/A       99%         2
 Passwall                 Tmut/Erth      0%         N/A       99%         2
 Sublimation of Blood     Necr           0%         N/A       99%         2
 Dazzling Flash           Conj/Hex       0%         N/A       100%        3
 Ignite Poison            Fire/Tmut/Pois 0%         N/A       100%        3
 Stone Arrow              Conj/Erth      0%         3d7       100%        3
 Tukima's Dance           Hex            0%         N/A       100%        3
 Anguish                  Hex/Necr       0%         N/A       100%        4
 Animate Dead             Necr           0%         N/A       100%        4
 Brom's Barrelling Bould  Conj/Erth      0%         2d3       100%        4
 Dimensional Bullseye     Hex/Tloc       0%         N/A       100%        4
 Iskenderun's Mystic Bla  Conj/Tloc      0%         2d3       100%        4
 Agony                    Necr           0%         N/A       100%        5
 Borgnjor's Vile Clutch   Necr/Erth      0%         N/A       100%        5
 Freezing Cloud           Conj/Ice/Air   0%         6-21      100%        5
 Silence                  Hex/Air        0%         N/A       100%        5
 Death Channel            Necr           0%         N/A       100%        6
 Simulacrum               Ice/Necr       0%         N/A       100%        6


Dungeon Overview and Level Annotations

Branches:
Dungeon (9/15)             Temple (1/1) D:6
   Lair: D:8-11         Orc: D:9-12

Altars:
Ashenzari
Cheibriados
Dithmenos
Elyvilon
Fedhas
Gozag
Hepliaklqana
Kikubaaqudgha
Makhleb
Nemelex Xobeh
Okawaru
Ru
Sif Muna
Uskayaw
Vehumet
Wu Jian
Xom
Yredelemnul
Zin
The Shining One

Annotations:
D:3 3 runed translucent doors, paps's ghost, weakling DsGl


Innate Abilities, Weirdness & Mutations

Your serpentine skin is tough. (AC +3)
You have supernaturally acute eyesight. (SInv)
Armour fits poorly on your strangely shaped body.
Your system is resistant to poisons. (rPois)
You cover ground very slowly.
You can spit poison.
You have a snake-like lower body.


Message History

The troll claws you.
* * * LOW HITPOINT WARNING * * *
You block the troll's attack.
You slash the troll!
The troll is almost dead.
You hit the bullfrog.
You kill the bullfrog!
Cheibriados appreciates the change of pace.
The troll bites you but does no damage. The troll claws you but does no damage.
The troll claws you.
* * * LOW HITPOINT WARNING * * *
You slice the troll!!
You kill the troll!
Cheibriados appreciates the change of pace.
The troll leather armour is intact enough to wear.
Unknown command.
You start resting.
You feel a little less mighty now.
You start resting.
HP restored.
Unknown command.
You see here a bullfrog corpse.
Kikubaaqudgha's malice focuses upon you.
You partially resist.
You feel drained.
Found an escape hatch in the ceiling.
Aiming: Paralyse
Press: ? - help, Q - select action, (/) - cycle Shift-Dir - straight line
Okay, then.
The centaur warrior shouts!
The centaur warrior shoots an arrow.
The arrow hits you!
The centaur warrior shoots an arrow.
The arrow hits you!!
Ouch! That really hurt!
* * * LOW HITPOINT WARNING * * *
The centaur warrior shoots an arrow.
You block the arrow.
You are too injured to fight recklessly!
Unknown command.
The centaur warrior shoots an arrow.
The arrow barely misses you.
The centaur warrior shoots an arrow.
The arrow barely misses you.
The centaur warrior shoots an arrow.
The arrow hits you!
You die...

#######################
.....................$.
.......................
.#######..####@......^#
#..# #........#
#..####........# #
#...............
#..#######...............
#......†....####........#
#......[....# #........#
#...........# #.<..c...#
#...........# #..####..#


You could see a centaur warrior.

Vanquished Creatures
  A troll (D:9)
  Grinder (D:5)
  A hornet (D:8)
  2 wyverns
  A steam dragon (D:7)
  2 water moccasins
  2 orc warriors
  2 ice beasts
  3 ogres
  4 black bears
  A centaur (D:8)
  2 phantoms
  4 bullfrogs
  2 scorpions
  5 wights (D:8)
  5 killer bees (D:8)
  2 howler monkeys (D:8)
  A hound (D:6)
  2 jellies
  3 orc priests
  Crazy Yiuf (D:7)
  Jessica (D:2)
  2 iguanas
  3 sleepcaps
  Natasha (thrice) (D:2)
  6 orc wizards
  2 hound skeletons (D:4)
  2 hound zombies (D:4)
  Robin (D:4)
  3 gnolls (D:2)
  9 adders
  2 ufetubi (D:6)
  2 adder skeletons (D:4)
  An adder zombie (D:4)
  A worm (D:4)
  6 dart slugs (D:2)
  20 orcs
  9 ball pythons
  5 bats
  4 endoplasms
  2 giant cockroaches
  16 goblins
  8 hobgoblins
  3 jackals (D:4)
  2 quokkas (D:2)
  4 frilled lizards
  10 kobolds
  3 orc zombies
  3 rats
180 creatures vanquished.

Notes
Turn   | Place    | Note
-------+----------+-------------------------------------------
     0 | D:1      | Gladio the Naga Fighter began the quest for the Orb.
     0 | D:1      | Reached XP level 1. HP: 21/21 MP: 1/1
   359 | D:1      | Found a faded altar of an unknown god.
   372 | D:1      | Reached XP level 2. HP: 23/28 MP: 2/2
   402 | D:1      | Prayed at the altar of an unknown god.
   402 | D:1      | Became a worshipper of Kikubaaqudgha
   402 | D:1      | Reached * piety under Kikubaaqudgha
   402 | D:1      | Received a gift from Kikubaaqudgha
   768 | D:2      | Noticed Jessica
   790 | D:2      | Killed Jessica
   791 | D:2      | Reached skill level 3 in Axes
   791 | D:2      | Reached XP level 3. HP: 34/34 MP: 3/3
   812 | D:2      | Found a shadowy altar of Dithmenos.
   837 | D:2      | Reached XP level 4. HP: 43/43 MP: 4/4
  1014 | D:2      | Reached ** piety under Kikubaaqudgha
  1030 | D:2      | Reached skill level 4 in Axes
  1092 | D:2      | Identified the ring "Ulyphask" {rF+ rCorr MP+9 Dex+2}
  1183 | D:2      | Reached XP level 5. HP: 15/50 MP: 5/5
  1277 | D:2      | Identified the ring of Nimponao {Ice rElec rN+ Int+3 SInv}
  1527 | D:2      | Noticed Natasha
  1535 | D:2      | Killed Natasha
  1630 | D:2      | Noticed Natasha
  1641 | D:2      | Killed Natasha
  1885 | D:2      | Noticed Natasha
  1897 | D:2      | Killed Natasha
  1967 | D:3      | Found a sparkling altar of Nemelex Xobeh.
  1994 | D:3      | Reached skill level 5 in Axes
  2058 | D:3      | Found a runed translucent gate.
  2059 | D:3      | Found a runed translucent gate.
  2060 | D:3      | Found a runed translucent gate.
  2060 | D:3      | Noticed paps's ghost (weakling DsGl)
  2079 | D:3      | Reached XP level 6. HP: 58/58 MP: 6/6
  2792 | D:4      | Identified the +0 leather armour of the Byakko {Slay+2}
  2795 | D:4      | Noticed Robin
  2800 | D:4      | Reached skill level 6 in Axes
  2806 | D:4      | Killed Robin
  2807 | D:4      | Reached XP level 7. HP: 40/66 MP: 7/7
  2855 | D:4      | Reached *** piety under Kikubaaqudgha
  2855 | D:4      | Received a gift from Kikubaaqudgha
  2879 | D:4      | Reached skill level 5 in Fighting
  3032 | D:4      | Found a hide-covered altar of Uskayaw.
  3606 | D:5      | Entered Level 5 of the Dungeon
  3679 | D:5      | Found a burning altar of Makhleb.
  3679 | D:5      | Noticed a cacodemon
  3716 | D:5      | Reached skill level 7 in Axes
  3802 | D:5      | Noticed Grinder
  3817 | D:5      | Killed Grinder
  3818 | D:5      | Reached XP level 8. HP: 67/76 MP: 8/8
  3962 | D:5      | Reached skill level 8 in Axes
  4009 | D:5      | Found an iron altar of Okawaru.
  4053 | D:5      | Found a hazy altar of Hepliaklqana.
  4731 | D:6      | Found a sacrificial altar of Ru.
  4835 | D:6      | Found a staircase to the Ecumenical Temple.
  4875 | Temple   | Entered the Ecumenical Temple
  4880 | Temple   | Fell from the grace of Kikubaaqudgha
  4880 | Temple   | Became a worshipper of Cheibriados the Contemplative
  4905 | D:6      | Reached skill level 9 in Axes
  5115 | D:6      | Reached XP level 9. HP: 54/77 MP: 9/9
  5832 | D:7      | Reached skill level 10 in Axes
  6082 | D:7      | Reached * piety under Cheibriados
  6542 | D:7      | Found a runed translucent door.
  6543 | D:7      | Noticed Crazy Yiuf
  6551 | D:7      | Killed Crazy Yiuf
  6974 | D:8      | Found a radiant altar of Vehumet.
  6993 | D:8      | Reached XP level 10. HP: 54/87 MP: 10/10
  7088 | D:8      | Reached ** piety under Cheibriados
  7611 | D:9      | Noticed a centaur warrior
  7689 | D:9      | Shot with an arrow by a centaur warrior

Illustrated notes

Levels and vault maps discovered:
D:1:      shiori_shiawase, layout_loops_ring, basic_ecumenical_altar
D:2:      layout_basic, basic_altar, minmay_nonomino_d4, uniq_jessica,
          uniq_natasha
D:3:      layout_loops_ring, nemelex_diamond_rough_becter,
          gammafunk_ghost_split, grunt_ministairs_6
D:4:      kennysheep_goblin_castle, layout_gridville, lemuel_tele_altar,
          mainiacjoe_ossuary_entry_find_the_door
D:5:      black_bear_nest_2, layout_loops_corners, nzn_hepliaklqana_mist_gate,
          mainiacjoe_overflow_boulevard, makhleb_altar_promises_db,
          serial_bayou_ford_a, uniq_grinder
D:6:      layout_loops_ring, nicolae_overflow_hidden_temple,
          minmay_temple_entry_trees
D:7:      layout_basic, uniq_crazy_yiuf_cottage
D:8:      layout_loops_ring, nicolae_vehumet_radiance
D:9:      minmay_shrinking_squares, layout_small_grid
Temple:   cyrus_circular_temple

Skill      XL: |  1  2  3  4  5  6  7  8  9 10 |
---------------+-------------------------------+-----
Axes           | 3 4 5 6 7 9 10 | 10.8
Fighting       | 4 6 7 8 |  8.7
Shields        | 4 |  4.7
Armour         | 3 4 |  4.3

Action                     |  1- 3 |  4- 6 |  7- 9 | 10-12 || total
---------------------------+-------+-------+-------+-------++-------
  Melee: War axe           |    60 |   116 |   348 |    84 ||   608
Ability: Spit Poison       |    25 |    31 |    31 |     1 ||    88
  Evoke: Wand              |       |       |     4 |     3 ||     7
    Use: Potion            |       |     1 |       |     2 ||     3
         Scroll            |       |     4 |    10 |     2 ||    16
 Armour: Scale mail        |    49 |   144 |   101 |       ||   294
         Chain mail        |       |       |   212 |   102 ||   314
         Plate armour      |       |       |       |    19 ||    19
  Dodge: Dodged            |    30 |    56 |   120 |    36 ||   242
  Block: Buckler           |    15 |    28 |    87 |    56 ||   186

Table legend: (Time is in decaauts)
 A = Elapsed time spent in this place.
 B = Non-inter-level travel time spent in this place.
 C = Inter-level travel time spent in this place.
 D = Time resting spent in this place.
 E = Time spent auto-exploring this place.
 F = Levels seen in this place.
 G = Mean time per level.
                   A        B        C        D        E       F      G
               +--------+--------+--------+--------+--------+-----+--------+
         Total |  11181 |  10404 |    777 |     68 |   8728 |  10 | 1118.1 |
       Dungeon |  11166 |  10402 |    764 |     68 |   8728 |   9 | 1240.7 |
        Temple |     15 |      3 |     12 |      0 |      0 |   1 |   15.0 |
               +--------+--------+--------+--------+--------+-----+--------+

Top non-repeatable levels by time:
     D:7: 1926 daAuts
     D:8: 1597 daAuts
     D:2: 1525 daAuts
     D:5: 1441 daAuts
     D:4: 1320 daAuts
     D:6: 1243 daAuts
     D:1: 1031 daAuts
     D:3: 952 daAuts
     D:9: 128 daAuts
  Temple: 15 daAuts
